 Dungeon Crawl Stone Soup version 0.23.2-30-g0e89c35649 (webtiles) character file.

Game seed: 1373119842884425743

5567 HASTUR3 the Spear-Bearer (level 10, -2/84 HPs)
             Began as a Naga Fighter on June 17, 2019.
             Was an Elder of Cheibriados.
             Slain by a swamp worm (15 damage)
             ... on level 8 of the Dungeon.
             The game lasted 00:46:22 (7597 turns).

HASTUR3 the Spear-Bearer (Naga Fighter)             Turns: 7597, Time: 00:46:23

Health: -2/84      AC: 10    Str: 33    XL:     10   Next: 72%
Magic:  9/9        EV:  8    Int: 18    God:    Cheibriados [****..]
Gold:   400        SH: 13    Dex: 20    Spells: 9/9 levels left

rFire    . . .     SeeInvis +   a - +0 trident
rCold    + . .     Gourm    .   c - +0 shield
rNeg     + . .     Faith    .   b - +1 leather armour {rC+}
rPois    +         Spirit   .   (no helmet)
rElec    .         Reflect  .   r - +2 cloak {+Inv}
rCorr    +         Harm     .   B - +0 pair of gloves {Str+3}
MR       +....                  (no barding)
Stlth    ++........             x - amulet of regeneration
HPRegen  0.64/turn              l - ring of resist corrosion
MPRegen  0.11/turn              h - ring of positive energy

@: very slow
A: large, see invisible, deformed body, low mp 1, poison resistance, slowness 2,
slow metabolism 1, spit poison 2, AC +3
a: Breathe Poison Gas, Bend Time, Temporal Distortion, Slouch, Renounce
Religion, Evoke Invisibility


You were on level 8 of the Dungeon.
You worshipped Cheibriados.
Cheibriados was greatly pleased with you.
You were very hungry.

You visited 2 branches of the dungeon, and saw 9 of its levels.
You also visited: Ossuary.

You collected 400 gold pieces.

Inventory:

Hand Weapons
 a - a +0 trident (weapon)
Armour
 b - a +1 leather armour of cold resistance (worn)
 c - a +0 shield (worn)
 r - a +2 cloak of invisibility (worn)
 B - a +0 pair of gloves of strength (worn)
Jewellery
 h - a ring of positive energy (right hand)
 l - a ring of resist corrosion (left hand)
 x - an amulet of regeneration (around neck)
 D - the amulet of Xuruosha {Faith *Corrode Int-3 Dex+9}
   (You found it in an ossuary)

   [amulet of faith]

   It allows you to gain divine favour quickly.
   It affects your intelligence (-3).
   It affects your dexterity (+9).
   It may corrode you when you take damage.
Wands
 p - a wand of iceblast (9)
 v - a wand of scattershot (6)
 y - a wand of acid (7)
Scrolls
 e - 3 scrolls of amnesia
 g - 4 scrolls of remove curse
 i - 10 scrolls of identify
 m - a scroll of magic mapping {unknown}
 o - 13 scrolls of teleportation
 s - 3 scrolls of immolation {unknown}
 u - 2 scrolls of enchant weapon {unknown}
 w - 2 scrolls of fear {unknown}
 C - 3 scrolls of blinking {unknown}
Potions
 d - 2 potions of might
 j - a potion of flight
 n - a potion of invisibility {unknown}
 q - 2 potions of ambrosia {unknown}
 z - a potion of lignification {unknown}
 A - a potion of agility {unknown}
 E - 2 potions of resistance {unknown}
 F - a potion of cancellation {unknown}
Comestibles
 f - 20 rations


   Skills:
 - Level 3.0 Fighting
 + Level 12.8 Polearms
 - Level 2.4 Armour
 - Level 3.0 Stealth
 - Level 7.5 Shields


You had 9 spell levels left.
You didn't know any spells.
Your spell library contained the following spells:

 Spells                   Type           Power        Failure   Level  Hunger
 Confusing Touch          Hex            #.....       32%         1    ##.....
 Confuse                  Hex            #.......     69%         3    ####...
 Gell's Gravitas          Tloc           #.........   69%         3    ####...
 Petrify                  Tmut/Erth      #.......     97%         4    #####..
 Bolt of Magma            Conj/Fire/Erth #.........   100%        5    ######.
 Iskenderun's Battlesphe  Conj/Chrm      #.......     100%        5    ######.
 Metabolic Englaciation   Hex/Ice        #.........   100%        5    ######.
 Venom Bolt               Conj/Pois      #.........   100%        5    ######.
 Yara's Violent Unravell  Hex/Tmut       #.........   100%        5    ######.
 Iron Shot                Conj/Erth      #.........   100%        6    #######
 Orb of Destruction       Conj           #.........   100%        7    #######
 Spellforged Servitor     Conj/Summ      #.........   100%        7    #######


Dungeon Overview and Level Annotations

Branches:
Dungeon (8/15)             Temple (1/1) D:5
   Lair: D:8-11

Altars:
Ashenzari
Cheibriados
Dithmenos
Elyvilon
Fedhas
Gozag
Hepliaklqana
Kikubaaqudgha
Makhleb
Nemelex Xobeh
Okawaru
Qazlal
Ru
Sif Muna
Trog
Uskayaw
Vehumet
Wu Jian
Xom
Yredelemnul
Zin
The Shining One

Shops:
D:6 :


Innate Abilities, Weirdness & Mutations

You cannot wear boots.
Your serpentine skin is tough. (AC +3)
You have supernaturally acute eyesight. (SInv)
Armour fits poorly on your strangely shaped body.
Your system is resistant to poisons. (rPois)
You cover ground very slowly.
You have a slow metabolism.
You can exhale a cloud of poison.
Your magical capacity is low. (-10% MP)


Message History

The swamp worm is severely wounded.
You block the swamp worm's attack. The swamp worm bites you!!
You puncture the swamp worm!
The swamp worm is almost dead.
The swamp worm bites you!
* * * LOW HITPOINT WARNING * * *
You feel better. The swamp worm bites you!!
* * * LOW HITPOINT WARNING * * *
You block the swamp worm's attack.
You puncture the swamp worm!
You kill the swamp worm!
Cheibriados appreciates the change of pace.
You have got your breath back.
You block the swamp worm's attack.
You feel better.
The swamp worm bites you but does no damage.
You barely miss the swamp worm.
The swamp worm is severely wounded.
The swamp worm bites you!
You die...

..#..........###.....)...........
....#.#.....###..................
##..#.# #..##.............#....##
##....###................≈#..####
.#.#......#..#.##.......≈≈####..#
...###.#<.##.#..#.......≈8##.....
.......#..#.....#.......≈≈#......
...###.##.......##.......≈#......
##...#÷##...##..@w........#......
#...........##...†...............
......##.........................
.....###.................<.......
...#.. #..##.....................
..... ..####...................
###. .......#................. ..
.......######............ #.
....#......#.............


You could see a swamp worm.

Vanquished Creatures
  An unseen horror (D:7)
  Pikel (D:5)
  A cyclops (D:7)
  Grinder (D:5)
  Menkaure (D:5)
  A swamp worm (D:8)
  2 orc warriors
  A sky beast (D:6)
  3 slaves (D:5)
  An eye of draining (D:5)
  5 black bears
  2 phantoms (D:8)
  2 ogres
  6 centaurs
  6 bullfrogs
  6 scorpions
  A water moccasin skeleton (D:8)
  A howler monkey (D:6)
  2 crimson imps (D:5)
  2 hounds (D:4)
  Crazy Yiuf (D:2)
  4 centaur zombies
  2 orc priests (D:4)
  3 bullfrog zombies (Ossuary)
  A jelly (D:4)
  3 orc wizards
  A bullfrog skeleton (D:5)
  Terence (D:3)
  An iguana (D:7)
  7 worker ants
  3 killer bee zombies (Ossuary)
  A hound zombie (Ossuary)
  13 mummies
  2 worker ant zombies (Ossuary)
  A howler monkey zombie (Ossuary)
  4 gnolls
  A howler monkey skeleton (D:4)
  11 adders
  An ooze (D:3)
  6 adder zombies
  An adder skeleton (D:4)
  4 worms
  2 dart slugs (D:3)
  3 leopard geckos
  20 orcs
  11 bats
  5 giant cockroaches
  10 goblins
  10 hobgoblins
  7 jackals
  5 quokkas
  A ball python (D:3)
  A frilled lizard (D:4)
  A giant cockroach zombie (Ossuary)
  A hobgoblin zombie (D:8)
  A jackal skeleton (D:8)
  A jackal zombie (Ossuary)
  5 kobolds
  A leopard gecko skeleton (D:5)
  2 leopard gecko zombies
  An orc zombie (D:8)
  2 quokka skeletons
  2 quokka zombies (Ossuary)
  8 rats
  A fungus (D:5)
  A plant (D:8)
220 creatures vanquished.

Vanquished Creatures (others)
  A worker ant zombie (D:5)
  13 fungi (D:5)
  3 plants (D:8)
17 creatures vanquished.

Grand Total: 237 creatures vanquished

Notes
Turn   | Place    | Note
-------+----------+-------------------------------------------
     0 | D:1      | HASTUR3 the Naga Fighter began the quest for the Orb.
     0 | D:1      | Reached XP level 1. HP: 21/21 MP: 1/1
   145 | D:1      | Reached XP level 2. HP: 28/28 MP: 2/2
   311 | D:1      | You fall through a shaft!
   426 | D:2      | Reached skill level 3 in Polearms
   426 | D:2      | Reached skill level 1 in Stealth
   426 | D:2      | Reached XP level 3. HP: 21/34 MP: 3/3
   644 | D:1      | Reached XP level 4. HP: 36/42 MP: 4/4
   935 | D:2      | Found an iron altar of Okawaru.
  1328 | D:2      | Found a runed translucent door.
  1329 | D:2      | Noticed Crazy Yiuf
  1666 | D:2      | Killed Crazy Yiuf
  1899 | D:3      | Reached XP level 5. HP: 49/49 MP: 5/5
  2297 | D:3      | Noticed Terence
  2304 | D:3      | Killed Terence
  2546 | D:3      | Reached skill level 4 in Polearms
  2584 | D:4      | Reached XP level 6. HP: 40/56 MP: 6/6
  3204 | D:4      | Reached skill level 5 in Polearms
  3319 | D:4      | Reached XP level 7. HP: 57/62 MP: 7/7
  3483 | D:4      | Reached skill level 5 in Shields
  3782 | D:5      | Entered Level 5 of the Dungeon
  3818 | D:5      | Noticed Menkaure
  3836 | D:5      | Killed Menkaure
  3836 | D:5      | Reached skill level 6 in Polearms
  3878 | D:5      | Gained mutation: Your magical capacity is low. (-10% MP)
                  | [potion of mutation]
  3878 | D:5      | Gained mutation: You can exhale a cloud of poison. [potion
                  | of mutation]
  3971 | D:5      | Reached XP level 8. HP: 65/69 MP: 1/7
  3981 | D:5      | Noticed Pikel
  3996 | D:5      | Killed Pikel
  3996 | D:5      | Reached skill level 7 in Polearms
  4072 | D:5      | Found a staircase to the Ecumenical Temple.
  4091 | Temple   | Entered the Ecumenical Temple
  4136 | Temple   | Became a worshipper of Cheibriados the Contemplative
  4256 | D:5      | Found a shadowy altar of Dithmenos.
  4716 | D:5      | Reached skill level 8 in Polearms
  4716 | D:5      | Reached XP level 9. HP: 73/75 MP: 8/8
  4748 | D:5      | Noticed Grinder
  4778 | D:5      | Killed Grinder
  5127 | D:5      | Reached * piety under Cheibriados
  5491 | D:6      | Found Wiethral's Book Shoppe.
  5567 | D:6      | Reached skill level 9 in Polearms
  5652 | D:6      | Found a bloodstained altar of Trog.
  5963 | D:7      | Noticed an unseen horror
  5977 | D:7      | Killed an unseen horror
  5977 | D:7      | Reached skill level 10 in Polearms
  5977 | D:7      | Reached XP level 10. HP: 60/84 MP: 9/9
  6015 | D:7      | Reached ** piety under Cheibriados
  6015 | D:7      | Reached skill level 11 in Polearms
  6143 | D:7      | Noticed a cyclops
  6158 | D:7      | Killed a cyclops
  6725 | D:8      | Reached skill level 12 in Polearms
  6929 | D:8      | Reached *** piety under Cheibriados
  7012 | D:8      | Found a sand-covered staircase.
  7024 | Ossuary  | Entered an ossuary
  7105 | Ossuary  | Got an ancient pewter amulet
  7119 | Ossuary  | Identified the amulet of Xuruosha {Faith *Corrode Int-3
                  | Dex+9} (You found it in an ossuary)
  7269 | Ossuary  | Reached **** piety under Cheibriados
  7528 | D:8      | HP: 4/84 [swamp worm (11)]
  7597 | D:8      | Slain by a swamp worm

Skill      XL: |  1  2  3  4  5  6  7  8  9 10 |
---------------+-------------------------------+-----
Polearms       | 3 4 5 6 8 10 12 | 12.8
Stealth        | 1 2 3 |  3.0
Shields        | 3 4 5 6 7 |  7.5
Fighting       | |  3.0
Armour         | |  2.4

Action                   |  1- 3 |  4- 6 |  7- 9 | 10-12 || total
-------------------------+-------+-------+-------+-------++-------
Melee: Trident           |    55 |   207 |   301 |   360 ||   923
 Abil: Spit Poison       |     6 |    20 |     4 |       ||    30
       Breathe Poison Ga |       |       |    11 |    10 ||    21
  Use: Scroll            |     1 |       |     1 |     4 ||     6
       Potion            |       |     3 |     8 |     6 ||    17
 Stab: Distracted        |       |     1 |     1 |     3 ||     5
       Sleeping          |       |       |     5 |     4 ||     9
  Eat: Chunk             |       |     8 |    10 |     4 ||    22
Armor: Scale mail        |    12 |    61 |    18 |       ||    91
       Ring mail         |       |       |    25 |       ||    25
       Leather armour    |       |       |    41 |    63 ||   104
Dodge: Dodged            |    12 |    25 |    66 |    68 ||   171
Block: Shield            |    16 |    71 |   109 |   151 ||   347
